Cogmind - Beta 14 @@@ ROGUE MODE // 2024.10.05 @ 19:37:39 Player: star Result: Destroyed by OR-RIC(R) with Subdweller Shrapnel Launcher Performance ------------- Evolutions (0) 0 Regions Visited (2) 400 Robots Destroyed (21) 105 Value Destroyed (508) 508 Prototype IDs (12) 240 Alien Tech Used (0) 0 Bonus (0) 0 TOTAL SCORE: 1253 Bonus ------- None Cogmind --------- Core Integrity 0/250 Matter 223/300 Energy 100/100 System Corruption 0% Temperature Cool (0) Movement Core (500) Ox9 Location -10/Subcaves Parts ------- > --- POWER (1) -------- (None) > --- PROPULSION (2) --- (None) > --- UTILITY (2) ------ Large Storage Unit Utility Shielding > --- WEAPON (2) ------- Beam Cannon Improved Light Cannon > --- INVENTORY (15) --- Arachnoskeleton Flightbrick Transport Network Coupler Scrap Shield Shotgun Rocket Launcher Rocket Launcher Mace Peak State ------------ > --- POWER ------------ Light Nuclear Core > --- PROPULSION ------- Compact Wheel Subdweller Monowheel > --- UTILITY ---------- Large Storage Unit Utility Shielding > --- WEAPON ----------- Beam Cannon Improved Light Cannon > --- INVENTORY -------- Compact Wheel Compact Wheel Flightbrick Transport Network Coupler Hacking Suite Shotgun Shotgun Improved Light Cannon Rocket Launcher Rocket Launcher Mining Laser Mace [Rating: 16] Favorites ----------- Power Light Nuclear Core Engine Ion Engine Power Core Light Nuclear Core Propulsion Compact Wheel Wheel Compact Wheel Flight Unit Improved Flight Unit Utility Utility Shielding Storage Large Storage Unit Protection Utility Shielding Weapon Improved Light Cannon Energy Gun EM Pulse Gun Energy Cannon Beam Cannon Ballistic Gun Light Assault Rifle Ballistic Cannon Improved Light Cannon Launcher Rocket Launcher Build | -11 -10 -10 ------- Run | Yrd Mat Sub Slots Evolved . | . . . Power . | . . . Propulsion . | . . . Utility . | . . . Weapon . | . . . Parts Attached 27 | 6 15 6 Power 2 | 1 1 . Engine 1 | 1 . . Core 1 | . 1 . Reactor . | . . . Propulsion 8 | 2 2 4 Treads . | . . . Leg . | . . . Wheel 7 | 2 1 4 Hover . | . . . Flight 1 | . 1 . Utility 3 | 1 2 . Device . | . . . Storage 2 | 1 1 . Processor . | . . . Hackware . | . . . Protection 1 | . 1 . Artifact . | . . . Weapon 14 | 2 10 2 Energy Gun 1 | 1 . . Energy Cannon 2 | . 1 1 Ballistic Gun 3 | 1 2 . Ballistic Cannon 2 | . 1 1 Launcher 6 | . 6 . Special Weapon . | . . . Impact Weapon . | . . . Slashing Weapon . | . . . Piercing Weapon . | . . . Special Melee Weapon . | . . . Unidentified Prototypes 1 | . 1 . Parts Lost 6 | . 1 5 Power 1 | . . 1 Propulsion 3 | . . 3 Utility . | . . . Weapon 2 | . 1 1 Highest Loss Streak 2 | . 1 2 To Critical Strikes . | . . . Average Slot Usage (%) 97 | . 98 94 Engine 3 | . 6 . Core 8 | . 7 10 Wheel 27 | . 28 26 Storage 14 | . 14 14 Protection 13 | . 12 14 Energy Gun 8 | . 13 . Energy Cannon 3 | . 1 7 Ballistic Gun 2 | . 4 . Ballistic Cannon 9 | . 6 14 Launcher 3 | . 1 6 Peak Build Rating 16 | 6 13 16 Average Rating 11 | 4 9 14 On Entrance 6 | . 6 13 Naked Turns . | . . . Heaviest Build 34 | 13 34 34 Greatest Support 36 | 32 32 36 Greatest Overweight (x) 1 | 1 1 1 Average Overweight (x) . | . . . Largest Inventory Capacity 15 | 8 15 15 Average Capacity 13 | 7 12 15 Most Carried 15 | 1 15 15 Average Carried 11 | . 10 14 Final Capacity 15 | 8 15 15 Final Carried 14 | 1 14 14 Class Distribution -------------------- 100% | Mutant Dominant Class ---------------- Mutant | -10/Materials Mutant | -10/Subcaves Resources | -11 -10 -10 ----------- Run | Yrd Mat Sub Matter Collected 780 | 236 374 170 Remotely . | . . . Salvage Created 505 | . 433 72 Parts 46 | . 37 9 Haulers Intercepted 2 | . 2 . Recyclers Shooed . | . . . Parts Field Recycled . | . . . Retrieved Matter . | . . . Parts Self-Destructed 9 | . . 9 Prevented . | . . . Kills | -11 -10 -10 ------- Run | Yrd Mat Sub Combat Hostiles Destroyed 15 | . 12 3 Guns 5 | . 5 . Cannons 4 | . 1 3 AOE 6 | . 6 . Classes Destroyed 8 | . 7 1 Builder 1 | . 1 . Tunneler 1 | . 1 . Hauler 2 | . 2 . Operator 1 | . 1 . Watcher 1 | . 1 . Swarmer 6 | . 6 . Grunt 6 | . 6 . Subdweller 3 | . . 3 Best Kill Streak 3 | . 3 2 Combat Bots Only 3 | . 3 2 Max Kills in Single Turn 2 | . 2 1 Gunslinging . | . . . Exploded 2 | . 2 . Melee . | . . . Uniques/NPCs Destroyed . | . . . Combat | -11 -10 -10 -------- Run | Yrd Mat Sub Hostile Shots Fired 66 | . 22 44 Missed 22 | . 10 12 Damage Taken 999 | . 218 781 Core 281 | . 32 249 Absorbed by Shields . | . . . Redirected to Shielding 7 | . 1 6 Core Remaining (%) 100 | 100 . . Volleys Fired 88 | . 53 35 Largest 2 | . 2 2 Hottest 100 | . 100 99 Shots Fired 174 | . 105 69 Gun 62 | . 62 . Cannon 96 | . 28 68 Launcher 16 | . 15 1 Special . | . . . Kinetic 71 | . 37 34 Thermal 36 | . 2 34 Explosive 16 | . 15 1 Electromagnetic 51 | . 51 . Robot Hit Streak 18 | . 7 18 Robot Miss Streak 3 | . 3 1 Penetration Max . | . . . Secondary Targets . | . . . Shots Hit Robots 86 | . 34 52 Core Hits 29 | . 23 6 Critical Kills . | . . . Critical Parts Destroyed . | . . . Critical Strikes 1 | . . 1 Blast 1 | . . 1 Melee Attacks . | . . . Impact . | . . . Slashing . | . . . Piercing . | . . . Sneak Attacks . | . . . Combat Hostiles . | . . . Follow-up Attacks . | . . . Damage Inflicted 1573 | . 1033 540 Guns 304 | . 304 . Cannons 667 | . 127 540 Explosions 602 | . 602 . Melee . | . . . Ramming . | . . . Kinetic 413 | . 119 294 Thermal 352 | . 106 246 Explosive 493 | . 493 . Electromagnetic 315 | . 315 . Impact . | . . . Slashing . | . . . Piercing . | . . . Highest Corruption . | . . . Average Corruption . | . . . Corruption Purged . | . . . Corruption Blocked . | . . . Overload Shots . | . . . Overflow Damage 8 | . 8 . Projectiles . | . . . Explosions 8 | . 8 . Melee . | . . . Knockbacks 7 | . 1 6 Impact . | . . . Kinetic 7 | . 1 6 Secondary . | . . . Self-Inflicted Damage 138 | . 98 40 Shots 7 | . 6 1 Rammed . | . . . Targets Rammed . | . . . Kicked . | . . . Crushed . | . . . Highest Temperature 180 | . 180 1 Average Temperature 45 | . 45 1 Received Heat Transfer 123 | . 48 75 Siege Activations . | . . . Robots Corrupted . | . . . Combat Hostiles . | . . . Parts Fried 1 | . 1 . Impact Corruptions . | . . . Robots Melted . | . . . Combat Hostiles . | . . . Parts Melted . | . . . Heat Transferred 692 | . 174 518 Parts Sabotaged . | . . . Parts Stolen . | . . . Parts Stripped . | . . . Power Chain Reactions 2 | . 2 . Alert | -11 -10 -10 ------- Run | Yrd Mat Sub Peak Influence 313 | . 313 . Initial . | . . . Average 122 | . 128 . Maximum Alert Level 1 | . 1 . Low Security (%) 81 | 100 80 . Level 1 18 | . 19 . Level 2 . | . . . Level 3 . | . . . Level 4 . | . . . Level 5 . | . . . High Security . | . . . Max Security . | . . . Squads Dispatched 1 | . 1 . Investigation . | . . . Extermination . | . . . Reinforcement 1 | . 1 . Assault . | . . . Garrison . | . . . Intercept . | . . . Searches Triggered . | . . . Construction Impeded . | . . . Haulers Reinforced . | . . . Active Scanning Responses . | . . . Cargo Convoy Interrupts . | . . . Stealth | -11 -10 -10 --------- Run | Yrd Mat Sub Distress Signals 1 | . 1 . Communications Jammed . | . . . Distress Signals . | . . . Times Spotted 24 | . 19 5 Peak Tracking Total 4 | . 4 3 Tactical Retreats . | . . . Traps | -11 -10 -10 ------- Run | Yrd Mat Sub Traps Triggered . | . . . Indirectly . | . . . Trap Hack Attempts . | . . . Triggered . | . . . Disarmed . | . . . Reprogrammed . | . . . Reused . | . . . Traps Extracted . | . . . Installed . | . . . Triggered . | . . . Machines | -11 -10 -10 ---------- Run | Yrd Mat Sub Machines Disabled 6 | . 5 1 Max in Single Turn 2 | . 2 1 Machines Repaired . | . . . Machines Dismantled . | . . . Machines Sabotaged . | . . . Overloaded Fab Kills . | . . . Hacking | -11 -10 -10 --------- Run | Yrd Mat Sub Machines Accessed 1 | . . 1 Terminals . | . . . Fabricators . | . . . Repair Stations . | . . . Recycling Units . | . . . Scanalyzers . | . . . Garrison Access . | . . . Total Hacks 1 | . . 1 Successful 1 | . . 1 Failed . | . . . Catastrophic . | . . . Database Lockouts . | . . . Manual . | . . . Terminals . | . . . Fabricators . | . . . Repair Stations . | . . . Recycling Units . | . . . Scanalyzers . | . . . Garrison Access . | . . . Terminal Hacks 1 | . . 1 Derelict Proto ID Bank 1 | . . 1 Fabricator Hacks . | . . . Repair Station Hacks . | . . . Recycling Unit Hacks . | . . . Scanalyzer . | . . . Garrison Access Hacks . | . . . Unauthorized Hacks . | . . . Terminals . | . . . Fabricators . | . . . Repair Stations . | . . . Recycling Units . | . . . Scanalyzers . | . . . Garrison Access . | . . . Data Cores Recovered . | . . . Used . | . . . Hacking Detections . | . . . Full Trace Events . | . . . Feedback Events . | . . . Feedback Blocked . | . . . Robot Schematics Acquired . | . . . Robots Built . | . . . Authchips . | . . . Time . | . . . Total Robot Build Rating . | . . . Part Schematics Acquired . | . . . Parts Built . | . . . Authchips . | . . . Time . | . . . Total Part Build Rating . | . . . Parts Repaired . | . . . Time . | . . . Parts Recycled . | . . . Recycled Matter . | . . . Retrieved Matter . | . . . Retrieved Components . | . . . Parts Scanalyzed . | . . . Part Schematics Acquired . | . . . Parts Damaged . | . . . Bothacking | -11 -10 -10 ------------ Run | Yrd Mat Sub Used RIF Installer . | . . . Robots Hacked . | . . . Non-combat . | . . . Combat . | . . . Robot Hacks Applied . | . . . Relay Couplers Released . | . . . Fabnet Peak Effective % . | . . . Robots Rewired . | . . . Allies Hacked . | . . . Hacks Repelled . | . . . Allies | -11 -10 -10 -------- Run | Yrd Mat Sub Total Allies . | . . . Largest Group . | . . . Highest-Rated Group . | . . . Highest-Rated Ally . | . . . Total Orders . | . . . Ally Attacks . | . . . Total Damage . | . . . Kills . | . . . Allies Corrupted . | . . . Allies Melted . | . . . Intel | -11 -10 -10 ------- Run | Yrd Mat Sub Robot Analysis Total . | . . . Derelict Logs Recovered 1 | . . 1 Drone Launches . | . . . Drone Recoveries . | . . . Exploration | -11 -10 -10 ------------- Run | Yrd Mat Sub Turns Passed 1969 | 54 1139 776 Spaces Moved 1455 | 44 829 582 Core 5 | 5 . . Treads . | . . . Legs . | . . . Wheels 1450 | 39 829 582 Hover . | . . . Flight . | . . . Fastest Speed 50 | 50 100 105 Average Speed 104 | 97 100 110 Slowest Speed 120 | 100 115 120 Overloaded Moves . | . . . Propulsion Burnouts . | . . . Robots Hopped . | . . . Cave-ins Triggered . | . . . Exploration Rate (%) 45 | 3 99 35 Regions Visited 2 Branch Regions 1 Pre-discovered Areas 2 | . . 2 Known Exits Taken . | . . . Unknown Exits Taken 2 | 1 1 . Scrap Searched 2 | . . 2 Spaces Dug 6 | . 6 . Terrain Destroyed 83 | . 76 7 Melee . | . . . Projectile 1 | . 1 . AOE 82 | . 75 7 Terrain Rammed . | . . . Walls Destroyed . | . . . Machines Disabled . | . . . Actions | -11 -10 -10 --------- Run | Yrd Mat Sub Total 1734 | 52 1031 651 Wait 128 | 2 113 13 Move 1453 | 43 828 582 Hop . | . . . Pick Up 22 | 1 17 4 Fast Attach 7 | 6 1 . Attach 3 | . 1 2 Detach . | . . . Swap 17 | . 13 4 Drop 16 | . 5 11 Fire 88 | . 53 35 Melee . | . . . Ram . | . . . Kick . | . . . Crush . | . . . Escape Stasis . | . . . Rewire . | . . . Trap . | . . . Miscellaneous . | . . . Route ------- -11/Scrapyard -10/Materials (discovered 6 exits: [*Mat x3] / [*Min x2] / *Sub) -10/Subcaves (discovered 1 exit: [*Mat]) History --------- Turn | Location | Event 26 | -11/Scrapyard | Discovered new exit (range 16) 55 | -11/Scrapyard | Entered Materials 213 | -10/Materials | Discovered new exit (range 11) 302 | -10/Materials | Build established: Mutant 360 | -10/Materials | Discovered new exit (range 12) 489 | -10/Materials | Discovered new exit (range 7) 594 | -10/Materials | Discovered new exit (range 11) 838 | -10/Materials | Discovered new exit (range 6) 1185 | -10/Materials | Discovered new exit (range 6) 1194 | -10/Materials | Entered Subcaves 1382 | -10/Subcaves | Discovered new exit (range 8) 1552 | -10/Subcaves | Visited 4L-MR0's lab 1574 | -10/Subcaves | Found Flightbrick 1683 | -10/Subcaves | Learned location of Zion (-6) 1683 | -10/Subcaves | Met a Zionite searching for "candidates" 1722 | -10/Subcaves | Shifting Twisted Machinery released Sub. Laser 1724 | -10/Subcaves | Shifting Twisted Machinery released Sub. Monowheel 1761 | -10/Subcaves | Shifting Twisted Machinery released Sub. Laser 1764 | -10/Subcaves | A Subdweller sparked back to life 1764 | -10/Subcaves | A Subdweller sparked back to life 1764 | -10/Subcaves | A Subdweller sparked back to life 1790 | -10/Subcaves | Core integrity fell below 50% 1811 | -10/Subcaves | Found Arachnoskeleton 1833 | -10/Subcaves | A swath of the cavern ceiling suddenly collapsed 1958 | -10/Subcaves | Core integrity fell below 20% 1970 | -10/Subcaves | Destroyed by OR-RIC(R) with Subdweller Shrapnel Launcher Last Messages --------------- 01805_ U6-QJI(R) Sub. Optics blasted off. 01805_ U6-QJI(R) destroyed. 01806_ Acquired 4 matter. 01810_ Dropped Com. Wheel. 01811_ Dropped Corrupted Hacking Suite. 01811_ Acquired Arachnoskeleton. 01812_ Acquired 10 matter. 01818_ Sub. Monowheel shoots sparks and powers down. 01827_ Dropped Broken Sub. Monowheel. 01833_ Sub. Machine Gun crushed. 01833_ Disposable Heat Sink crushed. 01833_ Corrupted Hacking Suite crushed. A swath of the cavern ceiling suddenly collapses. 01922_ 0Q-NL0(R) knocked back. 01925_ Imp. Light Cannon destroyed. 01929_ Com. Wheel destroyed. 01940_ 0Q-NL0(R) knocked back. 01958_ Destroyed Scrap Shield. 01961_ 0Q-NL0(R) destroyed. 01970_ Sub. Monowheel destroyed. Map ----- +----------------------------------------------------+ | ??????????????????????????????????### #???????? | | ???????????????????????????????????# #???????? | | ???????????????????????????????????## #???????? | | ????????????????????????????###?????# #???????? | | ???????????????????????????# "???? ???????? | | ???????????????????????????"" ""?? #??????? | | ???????????????????????????" "??## """ ???????? | | ?????????????????????????## ????##""" #???????? | | ????????????????????????## ?????#""" ##???????? | | ????????????????????????? ??????# #????????? | | ?????????????????????????# ####???# ????????? | | ??####??????????????????## #""#### ???????? | | ??# ###????????????????# " # ## ##??????? | | ??# ##???????????###### # # # #?# ""#??????? | | #?# ###???###???# ### ##?#""""###????? | | ### ##?## ##?## # # ###""" "[#????? | | ## #?# #### %&&""" #????? | | ### #????# ## """ "%%""" " #????? | | ## ######### ### "# #" "] #* " #????? | | #? #### R #?########&=%!# " #????? | | ### ## #?####??#=& #%& "##????? | | ## ## ## % #??### ######??????? | | # ### [""= """""######"#???????????? | | # ### "" "%"""" ;; #"###?????????? | | # "" %"& """# ###""#?????????? | | # #########@& "#" ##"""###????????? | | # ## ## ##???????## "######"#"#"##???????? | | # ###### ####???????### "#????####"# #???????? | | # ????## ##????????###" % "###?????#"###???????? | | ?????###?????????# "" " #????##"#????????? | | ?????????????????## """"" #???####????????? | | # ??????????????????## """" "#???????????????? | | # ??????????????????# """"""#???????????????? | | ## ??????????????????#""""""""##???????????????? | | ?# ??????????????????#""""" #?????????????????? | | ??# ???????????????????# "####?????????????????? | | ???#???????????????????######????????????????????? | | ?????????????????????????????????????????????????? | | ?????????????????????????????????????????????????? | | ?????????????????????????????????????????????????? | | ?????????????????????????????????????????????????? | | ?????????????????????????????????????????????????? | | ?????????????????????????????????????????????????? | | ?????????????????????????????????????????????????? | | ?????????????????????????????????????????????????? | | ?????????????????????????????????????????????????? | | ?????????????????????????????????????????????????? | | ?????????????????????????????????????????????????? | | ?????????????????????????????????????????????????? | | ?????????????????????????????????????????????????? | +----------------------------------------------------+ Best States ------------- Heat Dissipation 25 Energy Generation 14 Energy Capacity 250 Matter Stores 300 Matter Capacity 300 Sight Range 16 Terrain Scan Density 10 Utility Shielding 33 Evasion (%) 40 Item Schematics ----------------- None Robot Schematics ------------------ None Fabricated ------------ Nothing Alien Tech Used ----------------- None Achievements -------------- None Challenges ------------ None Game ------ Seed ContainmentProjectionFalx Manual? 0 Play Time 00:17:42 Cumulative 108.8 hours Start 2024.10.05 @ 18:25:26 End 2024.10.05 @ 19:37:39 Sessions 1 Manual Loads 0 Difficulty Rogue Special Mode None Game No. 190 Rogue 190 Adventurer 0 Explorer 0 Win Type - Total 1 Types 1/0/0/0/0/0/0/0/0 Lore% 51 Gallery% 54 Achievement% 44 Wizard Run 0 Options --------- Layout 0 ASCII 0 Keyboard 0 Movement Numpad Keybinds 0 Fullscreen 2 Font 18/SmallcapsGlow Map View 76x50 Zoom Use 0% Tactical HUD 1 Map Filters NONE Filters NONE Steam 1 RUN: 8af24351-2e8d-48f7-a409-b6cd2b629107